Map: Prion Terraces

Players

LiquidTLO (TLO) - Winner!

  • Race: Zerg Zerg
  • League: Grandmaster

wallfacer (ZhuGeLiang)

  • Race: Zerg Zerg
  • League: Master

Event: NationWars III

VOD

Have the link to the VOD?

Description

Time

  • Played on: Dec. 12, 2015, 10:44 a.m.
  • Length: 15:15
Show
View Real Time Build Order
Export as new Build Order

LiquidTLO Zerg - Winner!

Build Orders: Hatch First, Lurkers 

Get SALT Encoding   

  12  0:01  Drone  
  13  0:13  Overlord  
  13  0:16  Drone  
  14  0:31  Drone  
  14  0:32  Drone  
  16  0:38  Drone  
  17  0:51  Hatchery  
  17  0:54  Drone  
  17  1:04  Extractor  
  17  1:09  Spawning Pool  
  15  1:12  Drone  
  15  1:16  Drone  
  17  1:20  Drone  
  18  1:28  Drone  
  19  1:55  Queen, Zergling x2  
  19  1:58  Overlord  
  22  2:03  Queen  
  22  2:07  Metabolic Boost  
  24  2:08  Drone  
  24  2:11  Drone  
  26  2:17  Drone  
  26  2:20  Drone  
  28  2:27  Drone x2  
  30  2:31  Baneling Nest  
  30  2:33  Drone  
  30  2:37  Drone  
  30  2:44  Overlord  
  31  2:46  Drone  
  32  2:52  Queen  
  32  2:55  Zergling x2  
  35  2:59  Drone  
  37  3:05  Drone  
  37  3:06  Drone x2  
  37  3:07  Drone  
  37  3:08  Extractor  
  37  3:10  Drone  
  37  3:11  Drone x2  
  42  3:13  Drone  
  42  3:19  Roach Warren  
  42  3:22  Drone  
  42  3:25  Baneling x2  
  43  3:27  Drone  
  43  3:29  Overlord  
  44  3:36  Overlord  
  44  3:42  Overlord  
  44  3:46  Overlord  
  44  3:47  Overlord  
  43  3:49  Drone x2  
  45  3:59  Roach x2  
  45  4:02  Roach x3  
  55  4:04  Roach  
  55  4:08  Roach  
  61  4:10  Roach  
  61  4:14  Zergling x2  
  61  4:15  Roach  
  64  4:19  Overlord  
  64  4:23  Ravager x2  
  66  4:29  Drone  
  66  4:30  Drone  
  67  4:34  Extractor  
  67  4:35  Drone  
  67  4:37  Hatchery, Drone  
  67  4:38  Ravager  
  68  4:39  Drone  
  69  4:47  Drone x3  
  69  4:49  Ravager  
  69  4:51  Overlord  
  69  4:52  Extractor  
  72  4:53  Roach  
  74  5:03  Overlord  
  74  5:05  Overlord  
  74  5:09  Roach  
  74  5:11  Lair  
  74  5:13  Drone, Overlord  
  77  5:16  Roach  
  77  5:20  Overlord  
  79  5:21  Roach  
  79  5:28  Roach x2  
  85  5:30  Roach  
  85  5:32  Roach  
  85  5:33  Ravager  
  92  5:35  Roach  
  92  5:42  Drone  
  93  5:43  Evolution Chamber, Overlord  
  93  5:45  Roach  
  94  5:50  Roach x2  
  94  5:55  Roach  
  100  5:59  Roach  
  100  6:02  Roach  
  100  6:04  Baneling x2  
  104  6:05  Roach  
  104  6:08  Roach  
  104  6:09  Roach  
  110  6:25  Roach  
  101  6:27  Roach x2  
  101  6:29  Roach  
  101  6:30  Roach  
  101  6:31  Roach x2  
  101  6:32  Drone, Roach x2  
  100  6:33  Drone  
  90  6:40  Drone  
  90  6:41  Roach  
  90  6:42  Zerg Missile Weapons Level 1, Drone  
  90  6:43  Drone x2  
  90  6:46  Roach  
  98  6:48  Roach  
  98  6:50  Drone x2  
  102  6:56  Drone, Overlord  
  102  6:59  Roach  
  102  7:00  Roach  
  107  7:05  Roach  
  107  7:06  Ravager  
  107  7:07  Roach x2  
  116  7:08  Roach  
  116  7:10  Roach  
  116  7:11  Queen  
  116  7:13  Drone  
  119  7:16  Roach  
  119  7:19  Roach  
  119  7:21  Roach, Extractor  
  119  7:22  Roach, Extractor  
  125  7:23  Ravager  
  125  7:24  Ravager  
  125  7:26  Roach  
  125  7:29  Glial Reconstitution  
  128  7:35  Drone  
  129  7:40  Pneumatized Carapace  
  129  7:41  Hatchery  
  129  7:44  Drone  
  129  7:45  Overlord  
  129  7:47  Drone x2  
  129  7:49  Roach  
  133  7:51  Drone x2  
  135  7:59  Roach  
  135  8:02  Roach  
  135  8:04  Hydralisk Den  
  138  8:07  Roach  
  138  8:08  Roach  
  138  8:09  Drone x2  
  138  8:10  Drone  
  138  8:11  Overlord  
  145  8:14  Drone x2  
  145  8:16  Roach  
  145  8:18  Roach  
  151  8:24  Overlord  
  151  8:25  Evolution Chamber  
  150  8:28  Overlord  
  150  8:29  Overlord x2  
  150  8:32  Overlord  
  150  8:35  Lurker Den  
  150  8:38  Roach  
  150  8:39  Roach  
  154  8:45  Drone  
  154  8:47  Overlord  
  155  8:51  Roach  
  155  8:54  Burrow  
  157  8:56  Drone x3  
  157  8:59  Overlord  
  157  9:01  Overlord  
  160  9:06  Hydralisk  
  160  9:07  Hydralisk x3  
  160  9:09  Hydralisk  
  168  9:13  Hydralisk  
  172  9:21  Zerg Missile Weapons Level 2, Zerg Ground Armor Level 1  
  172  9:24  Extractor  
  171  9:26  Extractor  
  171  9:28  Hydralisk  
  171  9:30  Roach  
  174  9:34  Roach  
  174  9:36  Overlord  
  176  9:43  Overlord  
  176  9:50  Roach  
  176  9:51  Ravager x4  
  182  10:01  Lurker  
  182  10:02  Lurker x5  
  182  10:03  Roach x2  
  182  10:04  Roach  
  182  10:06  Roach  
  196  10:09  Roach x2  
  200  10:25  Roach  
  198  10:35  Roach  
  200  10:36  Infestation Pit  
  195  10:47  Roach  
  195  10:49  Roach x2  
  194  10:50  Roach x3  
  194  10:52  Roach  
  194  10:54  Roach  
  194  10:55  Roach  
  194  10:56  Roach  
  194  10:57  Roach  
  200  11:01  Roach x4  
  185  11:04  Hydralisk x3, Roach x2  
  185  11:06  Roach  
  185  11:07  Roach  
  185  11:08  Roach  
  185  11:09  Roach x3  
  187  11:12  Roach  
  187  11:13  Ravager x2, Queen x3  
  187  11:14  Roach  
  187  11:15  Roach x2  
  186  11:21  Roach  
  186  11:22  Roach x3  
  186  11:23  Roach  
  200  11:25  Roach x2  
  200  11:29  Drone x14  
  200  11:31  Roach  
  200  11:32  Roach  
  200  11:38  Roach  
  198  11:40  Roach x2  
  198  11:44  Pathogen Glands  
  198  11:45  Roach x2  
  198  11:51  Roach x2  
  187  11:55  Overseer x2  
  187  11:56  Spore Crawler, Roach x2  
  188  12:02  Roach x2  
  188  12:04  Roach x2  
  193  12:09  Drone  
  193  12:10  Drone x2  
  196  12:18  Hydralisk  
  196  12:20  Zerg Ground Armor Level 2  
  198  12:27  Lurker  
  199  12:43  Roach  
  200  12:47  Roach  
  200  12:48  Roach x2  
  200  12:49  Hydralisk  
  200  12:54  Hydralisk  
  200  12:55  Hydralisk  
  198  13:02  Hydralisk x2  
  198  13:08  Lurker x2  
  198  13:10  Hydralisk x2  
  195  13:16  Roach x2  
  195  13:30  Roach x2  
  199  13:37  Roach  
  199  13:38  Roach  
  200  13:41  Roach  
  191  13:50  Hatchery  
  191  13:54  Roach  
  191  13:55  Roach x5  
  200  13:56  Roach x2  
  200  14:16  Overlord  
  200  14:17  Spore Crawler  
  199  14:32  Lurker  
  200  14:40  Spore Crawler  
  199  14:47  Lurker  
Show
View Real Time Build Order
Export as new Build Order

wallfacer Zerg 

Build Orders: Hatch First 

Get SALT Encoding   

  12  0:01  Drone  
  13  0:12  Overlord  
  13  0:17  Drone  
  14  0:31  Drone x2  
  14  0:34  Drone  
  17  0:52  Hatchery  
  17  0:54  Drone  
  17  1:07  Spawning Pool  
  17  1:10  Drone  
  17  1:13  Drone  
  17  1:15  Extractor  
  17  1:18  Drone  
  18  1:28  Drone  
  19  1:40  Overlord  
  19  1:49  Drone  
  20  1:54  Queen  
  20  2:00  Zergling x2  
  23  2:04  Queen  
  23  2:05  Drone  
  26  2:11  Drone  
  26  2:15  Drone  
  28  2:18  Roach Warren  
  28  2:21  Drone  
  28  2:26  Drone  
  29  2:33  Drone  
  30  2:39  Overlord  
  30  2:43  Drone  
  31  2:47  Drone  
  34  2:58  Roach x2  
  34  3:04  Roach x2  
  34  3:05  Drone  
  41  3:10  Overlord  
  41  3:14  Drone x3  
  44  3:22  Lair  
  44  3:27  Overlord  
  44  3:30  Spine Crawler, Roach  
  45  3:37  Overlord, Roach  
  47  3:45  Drone x5  
  52  3:51  Evolution Chamber, Extractor  
  52  3:52  Extractor  
  52  3:53  Drone  
  52  3:54  Drone x2  
  52  4:01  Overlord  
  53  4:07  Overlord  
  53  4:08  Drone  
  54  4:19  Zerg Missile Weapons Level 1, Overlord x2  
  54  4:22  Drone x3  
  57  4:26  Overlord  
  56  4:34  Roach x3  
  62  4:39  Roach  
  62  4:43  Glial Reconstitution  
  64  4:54  Roach x3  
  70  5:02  Roach x3  
  70  5:03  Overlord  
  76  5:08  Roach x2  
  76  5:12  Roach  
  82  5:18  Roach x2  
  86  5:22  Overlord  
  86  5:27  Roach x3  
  92  5:29  Overlord  
  92  5:33  Roach x2  
  96  5:42  Hatchery  
  95  5:43  Roach  
  95  5:46  Roach  
  99  5:52  Ravager  
  99  5:53  Roach  
  99  5:56  Roach  
  104  5:59  Roach  
  104  6:02  Roach  
  108  6:05  Roach  
  108  6:06  Drone  
  108  6:07  Drone  
  108  6:09  Roach  
  114  6:11  Roach  
  116  6:22  Roach  
  116  6:23  Roach x3  
  114  6:28  Roach  
  114  6:30  Roach  
  96  6:36  Roach x2  
  96  6:38  Roach  
  88  6:42  Roach  
  88  6:48  Drone x4  
  88  6:54  Drone x2  
  94  6:56  Extractor  
  94  6:57  Drone  
  94  7:00  Zerg Missile Weapons Level 2  
  94  7:05  Queen  
  94  7:06  Extractor  
  95  7:14  Drone x2  
  95  7:15  Roach x2  
  101  7:16  Roach  
  101  7:21  Roach x3  
  109  7:24  Drone  
  109  7:28  Roach x2  
  114  7:30  Overseer  
  114  7:33  Roach  
  114  7:34  Roach  
  118  7:40  Drone x4  
  118  7:43  Ravager x2  
  124  7:45  Roach  
  126  7:52  Roach  
  126  7:53  Roach  
  130  8:00  Overlord x2  
  130  8:06  Hatchery  
  130  8:07  Extractor  
  130  8:08  Drone  
  129  8:14  Drone  
  130  8:20  Drone x6  
  130  8:21  Roach  
  130  8:22  Roach x4  
  130  8:23  Overlord  
  146  8:30  Spore Crawler  
  146  8:33  Overlord x2  
  145  8:41  Overlord  
  145  8:42  Overlord  
  145  8:59  Roach x11  
  167  9:04  Ravager x5  
  172  9:11  Drone x3  
  172  9:14  Roach x3  
  172  9:15  Overlord  
  172  9:16  Zerg Ground Armor Level 1  
  181  9:20  Overlord  
  181  9:27  Ravager x2  
  181  9:28  Ravager x4  
  187  9:31  Spore Crawler  
  187  9:32  Roach x3  
  187  9:38  Roach x4  
  197  10:31  Burrow, Tunneling Claws  
  197  10:33  Hydralisk Den  
  196  10:49  Roach x8  
  199  10:50  Roach x6  
  199  10:54  Roach x3  
  200  11:03  Roach x14  
  149  11:11  Roach x2  
  131  11:19  Roach x4  
  131  11:22  Overseer  
  131  11:24  Zerg Ground Armor Level 2  
  130  11:29  Roach  
  130  11:30  Roach  
  128  11:34  Roach x2  
  126  11:40  Roach x2  
  126  11:44  Roach  
  120  11:50  Roach x27  
  120  11:54  Roach  
  120  11:55  Roach x5  
  130  12:03  Roach x3  
  134  12:11  Roach x5  
  132  12:18  Roach x5  
  136  12:28  Extractor  
  136  12:29  Extractor  
  134  12:37  Spine Crawler  
  134  12:38  Spine Crawler x3  
  134  12:39  Spine Crawler  
  134  12:40  Spine Crawler  
  126  12:57  Roach x5  
  124  13:12  Roach x6  
  136  13:15  Overseer  
  129  13:32  Roach x4  
  115  14:24  Hatchery  
  115  14:29  Roach  
Tags
 
Add a new tag
Caveats
  • Supply blocks, unpowered buildings, or Contaminate may cause inaccurate times.
  • Supply counts are checked every 10 seconds.